 Dungeon Crawl Stone Soup version 0.20.1-1-g8b1a95d (webtiles) character file.

156 Jawreze the Conjurer (level 5, -2/28 HPs)
             Began as a Deep Elf Conjurer on Sept 21, 2017.
             Killed from afar by Jawreze's ghost (7 damage)
             ... with a magic dart
             ... on level 3 of the Dungeon.
             The game lasted 00:06:22 (2712 turns).

Jawreze the Conjurer (Deep Elf Conjurer)            Turns: 2712, Time: 00:06:23

Health: -2/28      AC:  4    Str:  5    XL:     5   Next: 14%
Magic:  5/14       EV: 14    Int: 21    God:
Gold:   135        SH:  0    Dex: 15    Spells: 6/14 levels left

rFire    . . .     SeeInvis .   (no weapon)
rCold    . . .     Gourm    .   (no shield)
rNeg     . . .     Faith    .   a - +0 robe
rPois    .         Spirit   .   (no helmet)
rElec    .         Reflect  .   (no cloak)
rCorr    .         Harm     .   d - +0 pair of gloves
MR       .....                  i - +0 pair of boots
Stlth    ++........             (no amulet)
Regen    0.1/turn               (no ring)
MPRegen  0.2/turn               (no ring)

@: no status effects
A: no striking features
a: no special abilities


You were on level 3 of the Dungeon.
You were hungry.

You visited 1 branch of the dungeon, and saw 3 of its levels.

You collected 135 gold pieces.

Inventory:

Armour
 a - a +0 robe (worn)
 d - a +0 pair of gloves (worn)
 i - a +0 pair of boots (worn)
Jewellery
 q - an uncursed amulet of rage {unknown}
Wands
 r - a wand of enslavement (13/24)
Scrolls
 e - 4 scrolls of identify {unknown}
 g - 2 scrolls of remove curse {unknown}
 o - a scroll of magic mapping {unknown}
 p - a scroll of enchant armour {unknown}
 s - a scroll of recharging {unknown}
Potions
 h - a potion of flight {unknown}
 k - a potion of agility {unknown}
 l - a potion of curing {unknown}
 m - 2 potions of berserk rage {unknown}
 n - a potion of brilliance {unknown}
Books
 b - a book of Conjurations

   Spells                             Type                      Level
   a - Magic Dart                     Conjuration                  1
   b - Searing Ray                    Conjuration                  2
   c - Dazzling Spray                 Conjuration/Hexes            3
   d - Fulminant Prism                Conjuration/Hexes            4
   e - Force Lance                    Conjuration/Translocation    4
   f - Iskenderun's Mystic Blast      Conjuration                  4
 u - a book of Fire

   Spells                             Type                      Level
   a - Ignite Poison                  Fire/Transmutation/Poison    3
   b - Fireball                       Conjuration/Fire             5
   c - Bolt of Fire                   Conjuration/Fire             6
   d - Ring of Flames                 Charms/Fire                  7
   e - Ignition                       Fire                         8
Comestibles
 c - 4 bread rations
 f - 2 royal jellies
 j - a meat ration
 t - a chunk of flesh


   Skills:
 + Level 4.0 Dodging
 - Level 2.4 Stealth
 + Level 5.0 Spellcasting
 + Level 5.4 Conjurations


You had 6 spell levels left.
You knew the following spells:

 Your Spells              Type           Power        Failure   Level  Hunger
a - Magic Dart            Conj           ####         1%          1    None
b - Dazzling Spray        Conj/Hex       ###...       11%         3    ##.....
c - Iskenderun's Mystic   Conj           ####....     12%         4    ####...


Dungeon Overview and Level Annotations

Branches:
Dungeon (3/15)

Altars:
Yredelemnul

Annotations:
D:3 Jawreze's ghost, amateur DrCj


Message History

Aim: Jawreze's ghost, wielding a weapon of freezing (moderately damaged)
The orb of energy misses Jawreze's ghost.
The orb of energy explodes!
You are feeling hungry.
Jawreze's ghost hits you. Jawreze's ghost freezes you.
Jawreze's ghost closely misses you.
Jawreze's ghost gestures at you while chanting.
The magic dart hits you!
Some of the chunks of flesh in your inventory have rotted away.
Jawreze's ghost gestures at you while chanting.
The magic dart hits you!
Jawreze's ghost points at you and mumbles some strange words.
The magic dart hits you!
* * * LOW HITPOINT WARNING * * *
Jawreze's ghost points at you and mumbles some strange words.
The magic dart hits you!
* * * LOW HITPOINT WARNING * * *
Jawreze's ghost casts a spell at you. The magic dart hits you!
You die...

#.# #.# #.# #W#
##### #.# #...#
#.# #...# #.#
#...#
#W##########...#
#.......@..'...#
############...#
#...# ### #.###
#<# #.# #.# #.#
#.# #.# #.# #.#
#.# #####'####
##.##


You could see Jawreze's ghost.

Vanquished Creatures
  A bullfrog skeleton (D:3)
  3 gnolls (D:3)
  3 adders (D:2)
  An ooze (D:1)
  3 worms (D:2)
  3 dart slugs
  2 orcs (D:3)
  A ball python (D:1)
  6 bats
  7 goblins
  7 hobgoblins
  3 jackals (D:1)
  A frilled lizard (D:2)
  8 kobolds
  4 rats
53 creatures vanquished.

Notes
Turn   | Place    | Note
-------+----------+-------------------------------------------
     0 | D:1      | Jawreze the Deep Elf Conjurer began the quest for the Orb.
     0 | D:1      | Reached XP level 1. HP: 10/10 MP: 6/6
   155 | D:1      | Reached XP level 2. HP: 15/15 MP: 0/8
   812 | D:2      | Reached XP level 3. HP: 11/19 MP: 2/10
  1441 | D:2      | Reached skill level 5 in Conjurations
  1491 | D:2      | Found a basalt altar of Yredelemnul.
  1594 | D:2      | Reached XP level 4. HP: 24/24 MP: 6/12
  2135 | D:3      | Learned a level 3 spell: Dazzling Spray
  2140 | D:3      | Learned a level 4 spell: Iskenderun's Mystic Blast
  2483 | D:3      | Reached XP level 5. HP: 28/28 MP: 7/14
  2542 | D:3      | Reached skill level 5 in Spellcasting
  2598 | D:3      | Noticed Jawreze's ghost (amateur DrCj)
  2712 | D:3      | Killed from afar by Jawreze's ghost

Skill      XL: |  1  2  3  4  5 |
---------------+----------------+-----
Dodging        | 3 4 |  4.0
Spellcasting   | 4 5 |  5.0
Conjurations   | 5 |  5.4
Stealth        | |  2.4

Action                   |  1- 3 |  4- 6 || total
-------------------------+-------+-------++-------
Melee: Unarmed           |     8 |       ||     8
 Cast: Magic Dart        |    88 |    54 ||   142
       Iskenderun's Myst |       |     3 ||     3
  Eat: Chunk             |     2 |     3 ||     5
Armor: Robe              |    13 |     1 ||    14
Dodge: Dodged            |    21 |     4 ||    25
